daggerhack, chaotic female elven Rogue # # ##ddF ----.-.-- |.....d.| +...[)..| |<......| -.......| ---...--- ----- daggerhack the Cutpurse Experience level: 4 Strength: 15 Dexterity: 18 Constitution: 14 Intelligence: 12 Wisdom: 7 Charisma: 7 Health: 11(11) Energy: 1(15) Def: 3 Gold: 278 Moves: 2364 Dungeon seed: szhYb7ex_t_PXgKr Game ID: daggerhack_1443550799 Your Inventory: Coins $ - 278 gold pieces Weapons i - 11 uncursed +0 elven daggers (in quiver) u - an uncursed +2 elven dagger Armor q - an uncursed +0 pair of kicking boots Comestibles r - an uncursed food ration t - an uncursed pear P - an uncursed cherry Potions p - an uncursed potion of water Tools g - an uncursed blindfold k - an uncursed lock pick B - an uncursed sack C - an uncursed towel Contents of the sack: 464 gold pieces an uncursed +0 elven short sword 2 uncursed scrolls of confuse monster a cursed scroll of create monster an uncursed scroll of enchant weapon an uncursed scroll of food detection 2 uncursed scrolls of scare monster an uncursed scroll of water an uncursed potion of extra healing an uncursed potion of hallucination an uncursed potion of see invisible an uncursed potion of sickness an uncursed potion of sleeping an uncursed ring of polymorph control an uncursed wand of opening (0:3) an uncursed worthless piece of black glass Spells and supernatural/magical abilities: Name Level Category Fail Memory W - pray for help -- divine ? -- Z - summon allies -- ability ? -- Your skills at the end: Miscellaneous Skills wands [Basic] Weapon Skills dagger [Basic] short sword [Basic] Spellcasting Skills Final Attributes: You were piously aligned. You were sleep resistant. You were poison resistant. You were level-drain resistant. You were telepathic. You were stealthy. You were held by a lichen. You regenerated. You were a werejackal. You were in beast form. You were lucky. You are dead. Vanquished creatures: a fog cloud a yellow light 2 giant ants a floating eye 2 kittens an iguana a monkey a werejackal a hobbit 3 large kobolds 2 geckos 2 giant rats 2 cave spiders 2 yellow molds 2 jackals 2 foxes a kobold 5 newts 2 goblins 3 grid bugs 3 bats 4 lichens 44 creatures vanquished. Voluntary challenges: You did not adorn yourself with jewelry or accessories. You used a wielded weapon 37 times, starting on turn 107. You did not apply a unicorn horn. You read items or engraved 3 times, starting on turn 1084. You never genocided any monsters. You never polymorphed an object. You changed form 2 times, starting on turn 1542. You used no wishes. You never split a pudding. You wrote Elbereth's name 3 times, starting on turn 1084. You never violated your personal moral code. Dungeon overview: The Dungeons of Doom: levels 1 to 6 Level 1 a long staircase Level 2 Level 3 a general store, some fountains Level 4 a fountain Level 5 Level 6 <- You were here History has recorded: On T:1 you entered the Dungeons of Doom to retrieve the Amulet of Yendor! On T:266 you reached level 2 of The Dungeons of Doom. On T:295 you advanced to experience level 2. On T:498 you reached level 3 of The Dungeons of Doom. On T:499 you advanced to experience level 3. On T:825 you reached level 4 of The Dungeons of Doom. On T:952 you reached level 5 of The Dungeons of Doom. On T:1073 you advanced to experience level 4. On T:1582 you reached level 6 of The Dungeons of Doom. Score breakdown: Gold: 742 ( 74 points) Experience: 4 levels ( 300 points) Exploration: 6 levels ( 150 points) Discoveries: 1 item ( 50 points) Variety of kills: 22 monsters ( 1100 points) Major goal: (nothing yet) ( 0 points) Survival: died (score multiplied by 3) Total score: 5022 Latest messages: You faint from lack of food. The lichen touches you! (3x) You come to. You faint from lack of food. The lichen touches you! (3x) You die from starvation. Final status: Goodbye daggerhack the Rogue, died of starvation, while fainted from lack of food... You starved in The Dungeons of Doom on dungeon level 6 with 5022 points, and 742 pieces of gold, after 2364 moves. You were level 4 with a maximum of 25 hit points when you starved.